Map: 黄金之柱-天梯版

Players

JoliwaLoves

  • Race: Protoss Protoss

DPGEnchant (EnChant) - Winner!

  • Race: Protoss Protoss
  • League: Master

Event: DreamHack SC2 Masters 2020 Winter

VOD

Have the link to the VOD?

Description

Time

  • Played on: Oct. 16, 2020, 8:40 a.m.
  • Length: 13:13

All games in this series

Show
View Real Time Build Order
Export as new Build Order

JoliwaLoves Protoss 

Build Orders:  

Get SALT Encoding   

  12  0:00  Probe  
  13  0:12  Probe  
  14  0:18  Pylon  
  14  0:24  Probe  
  15  0:36  Gateway  
  15  0:38  Probe (Chrono Boost)  
  16  0:48  Assimilator, Probe (Chrono Boost)  
  17  0:53  Probe (Chrono Boost)  
  18  0:57  Assimilator  
  18  1:05  Probe (Chrono Boost)  
  19  1:14  Gateway  
  19  1:15  Probe (Chrono Boost)  
  20  1:20  Probe (Chrono Boost)  
  21  1:27  Cybernetics Core  
  21  1:37  Pylon, Probe  
  22  1:49  Probe  
  23  2:01  Probe  
  24  2:03  Adept x2  
  24  2:04  Warp Gate  
  28  2:22  Pylon  
  28  2:26  Pylon  
  28  2:33  Stalker  
  30  2:40  Stalker  
  32  3:03  Stalker  
  34  3:10  Stalker  
  36  3:14  Nexus  
  36  3:23  Pylon  
  36  3:26  Probe  
  35  3:28  Twilight Council  
  34  3:39  Probe  
  35  3:51  Probe  
  36  3:55  Shield Battery  
  36  4:01  Stalker x2  
  40  4:13  Dark Shrine  
  40  4:17  Probe  
  39  4:25  Blink (Chrono Boost)  
  39  4:26  Probe  
  38  4:34  Stalker  
  41  4:38  Probe (Chrono Boost)  
  41  4:41  Probe (Chrono Boost)  
  42  4:49  Probe (Chrono Boost)  
  42  4:50  Probe (Chrono Boost)  
  43  5:00  Probe x2  
  45  5:09  Pylon  
  45  5:12  Probe x2  
  47  5:24  Probe x2  
  47  5:25  Dark Templar x2  
  53  5:33  Gateway  
  53  5:36  Probe x2 (Chrono Boost)  
  53  5:40  Robotics Facility  
  53  5:42  Assimilator  
  55  5:48  Probe (Chrono Boost)  
  55  5:49  Probe (Chrono Boost)  
  57  5:50  Pylon  
  57  5:55  Probe x2 (Chrono Boost)  
  59  6:05  Probe  
  59  6:06  Probe  
  61  6:18  Probe x2  
  61  6:23  Dark Templar  
  63  6:27  Dark Templar, Nexus  
  63  6:30  Pylon, Probe x2  
  67  6:37  Assimilator, Pylon  
  67  6:38  Gateway  
  67  6:46  Probe x2  
  67  6:49  Charge (Chrono Boost)  
  67  6:56  Gateway  
  67  6:58  Gateway  
  67  7:11  Shield Battery, Probe x2  
  65  7:16  Stalker x3  
  65  7:19  Warp Prism (Chrono Boost)  
  73  7:26  Gateway  
  73  7:27  Gateway  
  73  7:34  Stalker  
  75  7:37  Probe x2  
  75  7:40  Stalker  
  75  7:41  Stalker  
  81  7:49  Probe  
  82  7:53  Stalker x3  
  86  8:01  Dark Templar  
  86  8:03  Gateway  
  84  8:19  Stalker x5  
  84  8:29  Stalker x2  
  78  8:35  Warp Prism (Chrono Boost)  
  76  8:43  Stalker x3, Probe  
  83  8:52  Stalker x2  
  83  8:54  Zealot  
  87  8:57  Probe  
  87  8:58  Probe x2  
  90  9:09  Probe  
  89  9:16  Templar Archives  
  89  9:24  Assimilator  
  89  9:26  Zealot x6  
  89  9:28  Assimilator  
  101  9:36  Forge  
  101  9:48  Pylon  
  101  9:52  Dark Templar x4  
  103  10:06  Zealot  
  103  10:07  Warp Prism (Chrono Boost), Zealot x4  
  85  10:29  Stalker x3  
  85  10:30  Stalker x4  
  87  10:46  High Templar x2  
  91  10:52  Archon, Zealot x2  
  91  10:53  Zealot x5  
  91  10:54  Protoss Ground Weapons Level 1 (Chrono Boost)  
  105  11:05  Pylon  
  105  11:15  Zealot x7  
  111  11:23  Zealot  
  95  11:28  Zealot  
  87  11:35  Zealot x2  
  87  11:36  Zealot x4  
  83  11:51  Zealot x3  
  79  11:56  Dark Templar x3  
  79  12:00  Zealot x2  
  67  12:12  Stalker x2  
  67  12:13  Stalker  
  67  12:15  High Templar  
  67  12:20  High Templar  
  67  12:22  High Templar  
  71  12:28  High Templar x3  
  71  12:29  Archon  
  77  12:32  Archon x2  
  77  12:37  Stalker x3  
  87  12:53  Zealot x2  
  87  12:58  Stalker  
  93  13:01  Zealot x5  
Show
View Real Time Build Order
Export as new Build Order

DPGEnchant Protoss - Winner!

Build Orders: Oracle Opening 

Get SALT Encoding   

  12  0:00  Probe  
  13  0:12  Probe  
  14  0:19  Pylon  
  14  0:25  Probe (Chrono Boost)  
  15  0:39  Gateway, Probe (Chrono Boost)  
  16  0:44  Probe (Chrono Boost)  
  16  0:47  Assimilator  
  17  0:53  Probe  
  18  0:59  Assimilator  
  18  1:06  Probe (Chrono Boost)  
  19  1:15  Probe (Chrono Boost)  
  19  1:16  Gateway  
  20  1:20  Probe (Chrono Boost)  
  21  1:27  Cybernetics Core  
  21  1:32  Probe  
  22  1:37  Pylon  
  22  1:44  Probe  
  23  1:56  Probe  
  24  2:04  Adept x2  
  24  2:05  Warp Gate  
  28  2:15  Pylon  
  28  2:23  Pylon  
  28  2:37  Stalker  
  28  2:38  Stalker  
  28  2:42  Stargate  
  32  3:06  Shield Battery  
  32  3:20  Nexus  
  30  3:27  Oracle (Chrono Boost)  
  30  3:29  Probe  
  30  3:32  Shield Battery  
  32  3:35  Shield Battery  
  32  3:42  Probe  
  33  3:55  Oracle (Chrono Boost)  
  33  3:56  Stalker  
  33  4:01  Pylon  
  38  4:08  Probe  
  39  4:18  Shield Battery  
  39  4:20  Probe  
  40  4:30  Twilight Council  
  40  4:32  Probe x2 (Chrono Boost)  
  42  4:42  Stalker, Probe x2 (Chrono Boost), Sentry  
  48  4:47  Probe x2 (Chrono Boost)  
  50  5:01  Probe x2  
  50  5:06  Blink (Chrono Boost)  
  52  5:12  Forge  
  52  5:13  Probe x2  
  54  5:17  Pylon  
  54  5:29  Probe x2  
  54  5:30  Nexus  
  54  5:33  Pylon  
  56  5:42  Assimilator, Stalker, Sentry  
  60  5:44  Probe  
  60  5:46  Probe  
  62  5:57  Probe  
  63  5:58  Probe  
  59  6:17  Protoss Ground Weapons Level 1 (Chrono Boost)  
  59  6:21  Gateway  
  59  6:25  Photon Cannon  
  59  6:29  Probe x2  
  61  6:42  Gateway  
  61  6:46  Probe x2  
  59  6:48  Stalker x2  
  59  6:54  Probe  
  64  7:00  Probe x2  
  66  7:04  Shield Battery  
  61  7:14  Probe x2  
  61  7:15  Probe  
  63  7:19  Pylon  
  63  7:21  Stalker x2  
  67  7:22  Sentry  
  67  7:29  Photon Cannon  
  69  7:35  Photon Cannon  
  69  7:40  Stalker  
  71  7:45  Probe x2  
  73  7:57  Probe x2  
  76  7:58  Probe  
  76  8:00  Charge  
  74  8:14  Stalker x4  
  72  8:33  Probe x2  
  70  8:38  Probe  
  70  8:41  Stalker x4  
  79  8:45  Probe  
  80  8:53  Pylon, Probe x2  
  80  8:55  Pylon  
  82  8:56  Pylon  
  82  8:57  Probe  
  82  8:59  Robotics Facility  
  82  9:00  Assimilator  
  81  9:10  Stalker x2  
  81  9:12  Probe x2  
  81  9:13  Probe  
  81  9:15  Pylon  
  88  9:19  Protoss Ground Weapons Level 2 (Chrono Boost)  
  88  9:26  Pylon  
  88  9:27  Stalker  
  90  9:35  Stalker x2  
  94  9:40  Probe x3  
  94  9:42  Assimilator  
  97  9:52  Stalker  
  99  9:59  Stalker x3  
  105  10:13  Assimilator  
  105  10:18  Stalker  
  97  10:30  Stalker x3  
  99  10:42  Probe x3  
  102  10:46  Gateway  
  102  10:47  Gateway  
  102  10:49  Gateway  
  102  10:51  Gateway  
  102  10:56  Warp Prism (Chrono Boost)  
  102  10:57  Shield Battery  
  102  10:59  Pylon  
  102  11:01  Pylon  
  104  11:04  Stalker x4, Pylon  
  112  11:13  Shield Battery  
  112  11:15  Photon Cannon  
  99  11:28  Stalker x4  
  85  11:42  Stalker x2  
  85  11:46  Stalker x2  
  88  11:52  Stalker x3  
  88  11:53  Stalker  
  94  12:14  Photon Cannon  
  94  12:16  Shield Battery  
  94  12:17  Stalker x5  
  94  12:18  Stalker x2  
  94  12:19  Stalker  
  110  12:30  Templar Archives  
  110  12:50  Stalker x5  
  120  12:57  Sentry x2  
  120  12:58  Sentry  
Tags
 
Add a new tag
Caveats
  • Supply blocks, unpowered buildings, or Contaminate may cause inaccurate times.
  • Supply counts are checked every 10 seconds.